AoeStats
← Jeffrey

Black Forest

505585363Analyzed
4v4 RM · 23d ago on Sep 10, 2026· 59m 15s· 8 players
Game mode
Random Map
Map size
Large (8 player)
Population
200
Speed
Normal
Resources
Standard
Victory
Conquest
Starting age
Dark Age
Ending age
Imperial Age
RankedLock teamsTeams togetherTeam positionsShared explorationLock speedFull tech treeHidden civsTurbo modeCheats
Victory
Defeat
🇲🇽 Persians · Mexico
710
+14
🇨🇱 Khmer · Chile
660
+16
🇨🇱 Chinese · Chile
656
+16
🇨🇦 Goths · Canada
651
+16
🇨🇦 Sicilians · Canada
690
-16
🇨🇦 Britons · Canada
671
-16
🇲🇽 Huns · Mexico
650
-15
🇨🇳 Mongols · China
634
-15
Cami Fer
0:54 Loom
15:18 Feudal Age
16:11 Horse Collar
18:02 Wheelbarrow
18:47 Town Watch
22:08 Gold Mining
22:12 Stone Mining
28:13 Double-Bit Axe
32:23 Castle Age
33:55 Hand Cart
33:53 Bow Saw
33:53 Heavy Plow
35:30 Forging
35:21 Scale Mail Armor
35:27 Scale Barding Armor
35:23 Padded Archer Armor
35:14 Fletching
36:35 Gold Shaft Mining
37:50 Stone Shaft Mining
41:11 Town Patrol
42:29 Iron Casting
42:23 Ballistics
45:56 Imperial Age
44:09 Chain Mail Armor
44:15 Chain Barding Armor
43:51 Bodkin Arrow
46:02 Masonry
45:48 Murder Holes
48:16 Crop Rotation
48:25 Conscription
49:37 Caravan
49:06 Capped Ram
50:03 Double Crossbow
51:28 Chemistry
54:23 Heavy Scorpion
57:31 Husbandry
56:52 Cavalier
57:31 Siege Ram
PussyMan
0:39 Loom
11:33 Feudal Age
17:19 Castle Age
15:45 Double-Bit Axe
15:45 Horse Collar
22:21 Stone Mining
22:21 Gold Mining
29:18 Bloodlines
29:09 Husbandry
32:05 Forging
31:46 Fletching
32:02 Scale Barding Armor
31:57 Scale Mail Armor
31:58 Padded Archer Armor
33:40 Bow Saw
33:34 Heavy Plow
34:13 Wheelbarrow
33:23 Town Watch
37:46 Imperial Age
38:28 Citadels
38:39 Conscription
38:19 Kamandaran
38:46 Chain Barding Armor
39:03 Iron Casting
37:57 Cavalier
40:42 Plate Barding Armor
41:30 Capped Ram
43:44 Blast Furnace
43:01 Leather Archer Armor
43:02 Chain Mail Armor
44:01 Siege Ram
47:05 Two-Man Saw
46:39 Crop Rotation
46:25 Elite War Elephant
48:14 Chemistry
47:35 Ballistics
47:10 Murder Holes
49:11 Onager
49:13 Heavy Scorpion
50:36 Hand Cart
51:24 Plate Mail Armor
51:24 Ring Archer Armor
50:49 Bodkin Arrow
51:34 Gold Shaft Mining
51:35 Stone Shaft Mining
The Homewrecker
10:50 Feudal Age
12:05 Double-Bit Axe
14:00 Wheelbarrow
15:03 Loom
15:04 Town Watch
20:19 Castle Age
19:07 Stone Mining
19:09 Gold Mining
21:02 Horse Collar
23:43 Squires
23:06 Pikeman
25:08 Bow Saw
25:08 Heavy Plow
25:15 Loom
25:17 Town Watch
26:47 Town Patrol
27:11 Hand Cart
33:07 Imperial Age
33:26 Anarchy
33:35 Scale Mail Armor
33:45 Forging
33:16 Halberdier
34:24 Conscription
34:15 Capped Ram
37:40 Two-Man Saw
37:28 Chain Mail Armor
37:49 Iron Casting
40:11 Crop Rotation
39:49 Perfusion
42:51 Blast Furnace
44:01 Stone Shaft Mining
45:34 Caravan
45:46 Guilds
47:55 Masonry
47:41 Murder Holes
48:48 Chemistry
48:08 Ballistics
49:59 Man-at-Arms
50:45 Long Swordsman
55:02 Two-Handed Swordsman
55:20 Champion
55:51 Elite Huskarl
Ka-mi-ka-ze
13:35 Feudal Age
14:05 Double-Bit Axe
16:30 Wheelbarrow
17:55 Horse Collar
23:36 Castle Age
23:25 Man-at-Arms
27:42 Long Swordsman
29:43 Hand Cart
30:30 Forging
30:22 Scale Mail Armor
31:56 Iron Casting
31:10 Arson
30:47 Pikeman
33:34 Squires
34:55 Chain Mail Armor
35:24 Caravan
37:48 Stone Mining
37:50 Gold Mining
38:18 Bow Saw
42:15 Fletching
42:25 Padded Archer Armor
42:32 Scale Barding Armor
46:40 Bodkin Arrow
47:00 Leather Archer Armor
47:06 Chain Barding Armor
46:11 Light Cavalry
47:01 Bloodlines
50:38 Imperial Age
49:27 Stone Shaft Mining
49:29 Gold Shaft Mining
48:41 Loom
49:13 Great Wall
52:05 Conscription
52:06 Rocketry
51:06 Elite Chu Ko Nu
52:11 Rocketry
51:12 Elite Chu Ko Nu
51:23 Sappers
52:04 Husbandry
54:03 Bracer
54:33 Ring Archer Armor
55:04 Blast Furnace
54:34 Plate Mail Armor
54:40 Plate Barding Armor
53:29 Two-Handed Swordsman
53:29 Halberdier
56:01 Champion
56:05 Cavalier
Jeffrey
3:04 Loom
15:14 Feudal Age
20:46 Double-Bit Axe
20:45 Horse Collar
29:27 Castle Age
31:51 Caravan
32:46 Arson
33:02 Squires
32:33 Pikeman
38:21 Heavy Plow
38:22 Fletching
38:33 Padded Archer Armor
39:42 Arson
42:10 Bodkin Arrow
42:30 Leather Archer Armor
46:19 Imperial Age
46:34 Imperial Age
45:16 Yeomen
47:50 Ballistics
47:42 Bracer
50:01 Ring Archer Armor
50:18 Conscription
CastNowski
0:31 Loom
15:39 Feudal Age
16:50 Double-Bit Axe
18:31 Wheelbarrow
21:12 Horse Collar
22:36 Town Watch
23:29 Gold Mining
23:29 Stone Mining
23:55 Forging
23:45 Scale Mail Armor
23:35 Fletching
25:33 Fishing Lines
28:56 Castle Age
31:25 Bow Saw
31:18 Heavy Plow
32:39 Hand Cart
32:25 Town Patrol
33:07 Gold Shaft Mining
32:44 Bodkin Arrow
36:27 Iron Casting
36:08 Chain Mail Armor
36:37 Gold Shaft Mining
36:37 Stone Shaft Mining
36:02 Murder Holes
36:18 Masonry
38:00 Ballistics
40:58 Gillnets
44:34 Imperial Age
46:38 Conscription
46:54 Hoardings
45:50 Elite Serjeant
50:26 Blast Furnace
49:57 Plate Mail Armor
49:27 Bracer
50:39 Caravan
50:34 Arrowslits
51:59 Chemistry
51:34 Guilds
53:13 Capped Ram
55:53 Siege Ram
JCarlos9910
0:40 Loom
16:39 Feudal Age
18:02 Horse Collar
18:12 Double-Bit Axe
24:10 Wheelbarrow
30:59 Castle Age
36:37 Bow Saw
37:43 Stone Mining
37:44 Gold Mining
40:26 Hand Cart
40:27 Elite Skirmisher
42:52 Light Cavalry
感情の摩天楼
Connection lost

Rejoining the realm…

Still unreachable

The connection could not be restored.

Session expired

The server has moved on; the page needs a fresh start.